 Dungeon Crawl Stone Soup version 0.24.0-1-gfbc8707 (webtiles) character file.

Game seed: 6467447754873451687, levelgen mode: deterministic

97 ChiliFlavouring the Skirmisher (level 5, -2/43 HPs)
             Began as a Formicid Fighter on Oct 26, 2019.
             Was an Initiate of Qazlal.
             Slain by an orc priest (3 damage)
             ... on level 3 of the Dungeon.
             The game lasted 00:08:16 (1554 turns).

ChiliFlavouring the Skirmisher (Formicid Fighter)   Turns: 1554, Time: 00:08:16

Health: -2/43      AC:  6    Str: 21    XL:     5   Next: 0%
Magic:  5/5        EV:  7    Int:  8    God:    Qazlal [......]
Gold:   94         SH:  9    Dex: 10    Spells: 4/4 levels left

rFire    . . .     SeeInvis +   a - +0 war axe
rCold    . . .     Gourm    .   c - +0 shield
rNeg     . . .     Faith    .   b - +0 scale mail
rPois    .         Spirit   .   (helmet unavailable)
rElec    .         Reflect  .   (no cloak)
rCorr    +         Harm     .   (no gloves)
MR       .....                  (no boots)
Stlth    ..........             (no amulet)
HPRegen  0.14/turn              q - ring of resist corrosion
MPRegen  0.09/turn              (no ring)

@: no status effects
A: permanent stasis, dig shafts and tunnels, four strong arms, antennae 3
a: Dig, Shaft Self, Renounce Religion


You were on level 3 of the Dungeon.
You worshipped Qazlal.
Qazlal was noncommittal.
You were not hungry.

You visited 1 branch of the dungeon, and saw 3 of its levels.

You collected 94 gold pieces.

Inventory:

Hand Weapons
 a - a +0 war axe (weapon)
 l - a +0 hand axe of chopping
Armour
 b - a +0 scale mail (worn)
 c - a +0 shield (worn)
 p - a +0 buckler
Jewellery
 q - a ring of resist corrosion (left hand)
Scrolls
 i - a scroll of magic mapping {unknown}
 j - 2 scrolls of teleportation {unknown}
 k - a scroll of identify
 n - a scroll of amnesia {unknown}
 o - a scroll of blinking {unknown}
Potions
 d - 3 potions of might
 e - a potion of brilliance {unknown}
 g - a potion of curing
 h - a potion of flight {unknown}
 m - a potion of resistance {unknown}
Comestibles
 f - 4 rations
 r - a chunk of flesh


   Skills:
 + Level 4.7 Fighting
 + Level 3.6 Axes
 - Level 3.2 Armour
 - Level 3.6 Shields


You had 4 spell levels left.
You didn't know any spells.
Your spell library was empty.

Dungeon Overview and Level Annotations

Branches:
Dungeon (3/15)

Altars:
Qazlal
The Shining One


Innate Abilities, Weirdness & Mutations

You cannot be hasted, slowed, berserked, paralysed or teleported.
You can dig through walls and to a lower floor.
Your four strong arms can wield two-handed weapons with a shield.
You have a pair of large antennae on your head. (SInv)


Message History

The orc wizard blinks!
The orc wizard gestures at you while chanting.
The magic dart hits you.
You hit the orc priest.
The orc priest is moderately wounded.
You hit the orc wizard.
The orc wizard hits you but does no damage.
The orc priest hits you. The orc wizard casts a spell at you.
The magic dart hits you.
The orc priest calls down the wrath of Beogh upon you.
Pain shoots through your body!
* * * LOW HITPOINT WARNING * * *
You hit the orc priest but do no damage.
The orc priest is moderately wounded.
You hit the orc wizard.
The orc wizard hits you with a +0 dagger.
* * * LOW HITPOINT WARNING * * *
The orc priest hits you.
You die...

.... #.#
....######.#
........##.#
........##.#
........##.#
........##.#
.......o##.#
.......o##.###
.#######@.รท..#
#o....# #.....#
##### ###.###
..... #.# .....
#.# ..... #.#
..... { .?.
..... ... .....


You could see an orc priest and 2 orc wizards.

Vanquished Creatures
  3 adders
  2 worms
  2 dart slugs
  A leopard gecko (D:2)
  An orc (D:3)
  4 giant cockroaches
  4 goblins (D:1)
  3 hobgoblins
  4 jackals (D:2)
  12 kobolds
  2 quokkas
  A ball python (D:1)
  5 bats
  10 rats
54 creatures vanquished.

Notes
Turn   | Place    | Note
-------+----------+-------------------------------------------
     0 | D:1      | ChiliFlavouring the Formicid Fighter began the quest for
                  | the Orb.
     0 | D:1      | Reached XP level 1. HP: 18/18 MP: 1/1
    36 | D:1      | Reached XP level 2. HP: 23/24 MP: 2/2
   300 | D:1      | Reached XP level 3. HP: 25/30 MP: 3/3
   448 | D:2      | Found a glowing golden altar of the Shining One.
   472 | D:2      | Reached skill level 4 in Fighting
   988 | D:2      | Reached XP level 4. HP: 29/38 MP: 4/4
  1163 | D:2      | Found a stormy altar of Qazlal.
  1320 | D:2      | Became a worshipper of Qazlal Stormbringer
  1548 | D:3      | Reached XP level 5. HP: 27/43 MP: 5/5
  1554 | D:3      | HP: 1/43 [orc wizard/+0 dagger (3)]
  1554 | D:3      | Slain by an orc priest

Levels and vault maps discovered:
D:1:      ebering_hopf_link, layout_rooms
D:2:      layout_basic, tso_metal_star, old_standard_altar,
          kennysheep_generic_room_10
D:3:      layout_basic, first_ration, minmay_circle_x

Skill      XL: |  1  2  3 |
---------------+----------+-----
Fighting       | 4 |  4.7
Axes           | 3 |  3.6
Armour         | |  3.2
Shields        | |  3.6

Action                   |  1- 3 |  4- 6 || total
-------------------------+-------+-------++-------
Melee: War axe           |   100 |    48 ||   148
 Abil: Dig               |       |     5 ||     5
  Use: Scroll            |       |     2 ||     2
       Potion            |       |     1 ||     1
  Eat: Chunk             |       |     3 ||     3
Armor: Scale mail        |    39 |    29 ||    68
Dodge: Dodged            |    43 |     9 ||    52
Block: Shield            |    42 |    29 ||    71
